Map: Acid Plant LE

Players

Enderson

  • Race: Terran Terran
  • League: Diamond
  • Spawn Location: 5:00

TERRAN - Winner!

  • Race: Protoss Protoss
  • League: Platinum
  • Spawn Location: 11:00

VOD

Have the link to the VOD?

Description

Time

  • Played on: Sept. 23, 2018, 11:21 p.m.
  • Length: 22:47
Show
View Real Time Build Order
Export as new Build Order

Enderson Terran 

Build Orders:  

Get SALT Encoding   

  12  0:01  SCV  
  13  0:13  SCV  
  14  0:19  Supply Depot  
  14  0:26  SCV  
  15  0:31  Refinery  
  15  0:42  Barracks  
  15  0:45  SCV  
  16  0:57  SCV  
  17  1:09  SCV  
  18  1:21  SCV  
  19  1:33  SCV  
  19  1:34  Reaper  
  21  1:45  Orbital Command  
  21  1:55  Command Center  
  21  2:04  Supply Depot  
  21  2:08  Refinery, Barracks Reactor  
  21  2:12  SCV  
  22  2:25  SCV, Factory  
  23  2:37  SCV  
  24  2:45  Marine  
  24  2:46  Marine  
  26  3:01  SCV  
  26  3:06  Engineering Bay, Marine x2  
  26  3:08  Barracks  
  26  3:10  Widow Mine  
  30  3:13  SCV  
  30  3:17  Orbital Command  
  31  3:27  SCV  
  32  3:30  Marine x2  
  34  3:37  Missile Turret  
  34  3:39  Factory Tech Lab  
  34  3:46  Orbital Command  
  33  3:53  Marine x2  
  35  3:57  Barracks  
  35  4:06  SCV  
  36  4:10  Barracks Tech Lab  
  36  4:18  SCV x2  
  36  4:20  Starport  
  36  4:23  Marine x2  
  40  4:30  SCV, Marauder  
  40  4:31  Supply Depot  
  43  4:35  Missile Turret  
  43  4:43  Supply Depot  
  43  4:45  Barracks Tech Lab  
  43  4:47  Stimpack  
  43  4:50  Marine x2  
  47  4:52  Marauder  
  47  4:54  SCV x2  
  47  4:57  Starport Reactor  
  49  5:04  Terran Infantry Weapons Level 1  
  49  5:09  SCV x2  
  49  5:14  Siege Tank  
  54  5:18  Supply Depot  
  54  5:21  SCV x2  
  56  5:24  Combat Shield  
  56  5:28  Marine x2  
  56  5:31  Marauder  
  56  5:35  Marauder  
  62  5:40  SCV x2  
  64  5:44  Medivac  
  64  5:46  Medivac  
  68  5:52  Refinery  
  68  5:53  Refinery  
  68  5:59  SCV x2  
  70  6:06  Supply Depot  
  70  6:07  Supply Depot  
  70  6:09  Supply Depot  
  70  6:25  SCV x2  
  72  6:29  Marine x2  
  72  6:31  Marauder x2  
  72  6:32  Command Center  
  78  6:37  SCV x2  
  77  6:43  Concussive Shells  
  77  6:50  Viking, Medivac  
  77  6:51  Marine x2  
  77  6:53  Command Center  
  82  6:54  Siege Tank  
  85  7:16  Terran Infantry Armor Level 1  
  85  7:21  Viking, Medivac  
  89  7:48  Marine  
  89  7:49  Marine x2, Marauder  
  94  7:54  Liberator  
  94  7:55  Armory, Liberator  
  94  7:57  SCV x2  
  96  7:59  Engineering Bay  
  96  8:05  Orbital Command  
  96  8:06  Marine x2  
  96  8:07  Marauder  
  96  8:10  SCV x2, Marine  
  109  8:24  Marine, Barracks  
  109  8:25  Barracks x2  
  110  8:28  Marauder  
  111  8:39  Orbital Command  
  103  8:48  Terran Infantry Weapons Level 2  
  103  8:54  Marine x3  
  103  8:55  Marauder  
  108  9:13  Marauder  
  110  9:18  Missile Turret, SCV x2  
  98  9:32  Viking x2  
  98  9:33  Barracks Tech Lab  
  97  9:42  Marine x3  
  97  9:43  Marauder x2  
  97  9:44  Barracks Reactor  
  104  9:49  SCV x3  
  107  9:53  Terran Infantry Armor Level 2  
  107  9:54  Refinery, Terran Ship Weapons Level 1  
  107  9:59  Refinery  
  107  10:02  Starport, Medivac x2  
  111  10:07  Sensor Tower  
  111  10:09  Marine  
  111  10:10  Marine x3, Marauder  
  111  10:13  Sensor Tower  
  117  10:22  Marine x2, Barracks Reactor  
  117  10:27  Orbital Command, Marine x2  
  123  10:28  Marauder  
  123  10:29  Marauder  
  123  10:31  Marine  
  103  10:40  Medivac x2  
  102  10:50  Marauder  
  102  10:51  SCV x2  
  102  10:53  SCV  
  105  10:57  Marine x5  
  105  11:03  SCV x2  
  112  11:05  SCV  
  113  11:15  SCV x2  
  113  11:16  Marine x3  
  113  11:17  SCV  
  112  11:30  Viking x2  
  112  11:31  Marine x4  
  112  11:32  Marine, Marauder  
  121  11:34  Marine x3  
  123  11:43  Siege Tank  
  126  11:47  Supply Depot x2, Starport  
  126  11:49  Marine x2  
  126  11:50  Marauder x2  
  126  11:53  Starport Tech Lab  
  132  11:59  Marine x4  
  132  12:00  Marauder  
  138  12:04  Viking  
  138  12:07  Marine  
  141  12:09  Viking, Marine  
  141  12:11  Terran Ship Weapons Level 2, Marine, Marauder  
  147  12:21  Marauder  
  146  12:23  Marine x4  
  146  12:24  Marine, Liberator x2  
  146  12:29  Marauder  
  153  12:33  Marauder  
  128  12:37  Marine  
  128  12:41  Siege Tank, Marine x3  
  136  12:46  Marine x3  
  136  12:50  Marauder  
  130  12:53  Marine  
  130  12:55  Marine  
  110  12:58  Marine x2  
  110  12:59  Marine  
  110  13:04  Marine x2, Marauder  
  110  13:05  Viking  
  115  13:11  Marine x2  
  113  13:13  Marine  
  113  13:16  Marine x2  
  113  13:19  Starport Reactor  
  114  13:24  Viking  
  114  13:26  Marauder  
  116  13:29  Viking  
  116  13:30  Marauder  
  120  13:35  Viking  
  122  13:49  Siege Tank  
  122  13:50  Marine x4  
  122  13:51  Marine, Marauder x2  
  122  13:54  Liberator, Medivac  
  136  13:59  Medivac, Command Center  
  138  14:07  Missile Turret  
  138  14:08  Armory  
  138  14:10  Medivac x2  
  138  14:12  Marine  
  138  14:13  Marine x2  
  148  14:20  SCV  
  149  14:27  Terran Vehicle And Ship Armor Level 1  
  149  14:29  Missile Turret  
  149  14:32  SCV  
  149  14:34  Viking x2  
  149  14:35  Liberator x2  
  149  14:36  Siege Tank  
  157  14:44  SCV  
  158  14:51  Supply Depot  
  161  14:52  Supply Depot  
  161  14:58  Fusion Core  
  164  15:00  Liberator  
  164  15:01  Liberator  
  164  15:14  Orbital Command  
  164  15:15  Siege Tank  
  164  15:18  Viking  
  175  15:21  SCV  
  175  15:22  SCV  
  175  15:24  SCV  
  178  15:38  Liberator  
  178  15:39  Liberator  
  178  15:45  Advanced Ballistics  
  178  15:51  Refinery x2  
  178  15:52  Supply Depot  
  178  15:56  Viking  
  186  16:00  Viking  
  188  16:38  Liberator  
  179  16:55  Viking x2  
  143  17:18  Viking  
  143  17:19  Viking  
  142  17:25  Viking  
  134  17:30  Marine x4  
  134  17:31  Marauder x2  
  126  17:47  Marine  
  126  17:48  Marine x2  
  126  17:49  Marauder  
  118  17:53  Raven  
  118  17:56  Marine x2  
  122  18:00  Terran Vehicle Weapons Level 1  
  122  18:05  Marine x2  
  122  18:06  Marine  
  122  18:08  Starport Tech Lab  
  122  18:10  Marauder  
  127  18:14  Marine, Marauder  
  127  18:19  Viking x2  
  134  18:25  Barracks Tech Lab  
  133  18:36  Raven  
  123  19:01  Viking x3  
  118  19:06  Marine x5  
  118  19:07  Marauder  
  92  19:14  Liberator  
  71  19:19  Viking  
  71  19:24  Marine x5  
  64  19:28  Marine  
  60  19:40  Liberator  
  60  19:41  Marine  
  60  19:42  Marine x3, Marauder  
  56  19:46  Marauder  
  53  19:59  Marine x2  
  55  20:00  Marine x2  
  55  20:04  Marauder  
  57  20:07  Marine, Liberator x2  
  55  20:17  Marine x2  
  55  20:18  Marauder x2  
  59  20:23  Liberator  
  59  20:25  Marauder  
  55  21:06  Liberator x3  
  48  21:50  Barracks  
  48  21:51  Barracks x3  
  47  21:55  Barracks  
  47  21:56  Supply Depot  
  47  21:59  Supply Depot  
Show
View Real Time Build Order
Export as new Build Order

TERRAN Protoss - Winner!

Build Orders: Double Forge, Colossus Rush 

Get SALT Encoding   

  12  0:01  Probe  
  13  0:13  Probe  
  14  0:18  Pylon  
  14  0:25  Probe  
  15  0:37  Probe  
  15  0:39  Gateway  
  16  0:48  Assimilator  
  16  0:52  Assimilator  
  16  0:55  Probe  
  17  1:07  Probe  
  18  1:18  Pylon  
  18  1:20  Probe  
  19  1:28  Probe, Cybernetics Core  
  20  1:36  Probe  
  21  1:47  Probe  
  22  1:57  Pylon  
  22  1:59  Probe  
  23  2:18  Forge  
  23  2:22  Adept, Pylon  
  23  3:07  Stalker  
  23  3:09  Nexus  
  25  3:13  Robotics Facility  
  25  3:17  Probe, Pylon  
  26  3:25  Probe  
  26  3:33  Probe  
  27  3:37  Stalker  
  28  3:56  Observer, Forge  
  29  4:07  Robotics Bay, Stalker  
  31  4:22  Gateway  
  31  4:25  Probe  
  31  4:27  Stalker  
  32  4:36  Probe  
  35  4:45  Photon Cannon  
  35  4:49  Probe  
  36  4:58  Colossus  
  42  5:10  Probe  
  42  5:13  Assimilator, Probe  
  43  5:14  Extended Thermal Lance  
  43  5:18  Probe  
  43  5:21  Probe  
  46  5:29  Stalker  
  48  5:38  Probe  
  49  5:45  Assimilator  
  49  5:48  Stalker  
  51  5:50  Probe  
  51  5:54  Pylon  
  52  6:03  Probe  
  53  6:08  Colossus  
  59  6:15  Probe  
  59  6:16  Twilight Council  
  60  6:27  Probe  
  61  6:39  Probe  
  62  7:02  Probe  
  62  7:03  Probe, Templar Archives  
  63  7:10  Probe, Pylon  
  63  7:11  Probe  
  64  7:16  Gateway  
  64  7:20  Gateway  
  65  7:25  Stargate  
  65  7:27  Colossus  
  65  7:28  Pylon  
  71  7:33  Pylon  
  71  7:38  Probe  
  71  7:40  Probe  
  73  7:50  Probe  
  74  7:52  Probe  
  74  7:56  Psionic Storm, Pylon  
  75  7:59  High Templar x2  
  75  8:02  Probe  
  80  8:14  High Templar x2, Pylon  
  82  8:38  High Templar  
  83  8:47  Phoenix  
  85  9:16  High Templar  
  86  9:19  Fleet Beacon  
  86  9:40  Probe  
  87  9:52  Stalker  
  87  9:53  Stalker x2  
  87  9:54  Probe  
  87  9:59  Tempest  
  94  10:05  Nexus  
  92  10:07  Pylon  
  92  10:13  Stalker  
  100  10:22  Stalker  
  82  10:47  Colossus, Tempest  
  82  10:49  Probe  
  95  10:51  Probe  
  95  10:55  Pylon  
  96  11:00  Stalker x2  
  96  11:01  Probe, Stalker  
  96  11:03  Probe  
  104  11:06  Pylon  
  104  11:11  Assimilator  
  104  11:13  Probe  
  105  11:23  Pylon  
  105  11:25  Probe  
  106  11:36  Nexus  
  106  11:38  Tempest  
  106  11:39  Pylon  
  112  11:41  Stalker x4  
  120  12:02  Photon Cannon  
  120  12:11  Stalker x4  
  118  12:41  Stalker  
  110  12:54  Archon x2  
  94  13:04  Colossus  
  94  13:05  Tempest  
  102  13:15  Probe  
  99  13:20  High Templar x3  
  105  13:27  Probe  
  105  13:33  Assimilator  
  106  13:39  Probe  
  107  13:41  Mothership  
  107  13:43  Nexus  
  107  13:45  Pylon  
  107  13:47  High Templar  
  109  13:51  Probe  
  118  14:04  Probe  
  118  14:07  Probe  
  120  14:16  Probe  
  121  14:19  Assimilator  
  121  14:20  Probe  
  122  14:28  Probe  
  122  14:29  Assimilator  
  123  14:31  Stalker  
  123  14:33  High Templar, Stalker  
  123  14:34  Stalker  
  123  14:35  Tempest  
  137  14:40  Probe  
  137  14:42  Pylon  
  138  14:48  Nexus  
  138  14:52  Probe  
  139  14:53  Colossus  
  139  14:58  Probe  
  146  15:00  Probe  
  146  15:04  Pylon  
  147  15:10  Probe  
  147  15:12  Probe  
  148  15:16  Stalker x4  
  156  15:22  Probe  
  156  15:24  Probe  
  158  15:30  Tempest  
  164  15:36  Probe  
  165  15:46  Colossus  
  165  15:49  Stalker x4  
  179  16:19  Stalker x2  
  179  16:20  Stalker x2  
  187  16:29  Gateway x2  
  187  16:32  Gateway  
  187  16:37  Gateway  
  157  17:17  Stalker x5  
  135  17:27  Stalker x3  
  124  17:54  Mothership  
  128  18:08  Nexus  
  88  19:11  Archon  
  66  19:19  Stalker x2  
  60  19:53  Probe  
  61  20:01  Assimilator  
  61  20:05  Probe  
  62  20:17  Probe  
  63  20:29  Probe  
  60  20:45  Stalker x2  
  60  20:46  Stalker x4  
  66  21:46  Stalker x6  
Tags
 
Add a new tag
Caveats
  • Supply blocks, unpowered buildings, or Contaminate may cause inaccurate times.
  • Supply counts are checked every 10 seconds.